 Dungeon Crawl Stone Soup version 0.24.0-1-gfbc8707 (webtiles) character file.

Game seed: 9683906296075137691, levelgen mode: deterministic

48 Buxparty the Skirmisher (level 3, -3/29 HPs)
             Began as a Mummy Gladiator on Jan 3, 2020.
             Slain by Jessica (4 damage)
             ... on level 2 of the Dungeon.
             The game lasted 00:02:41 (1172 turns).

Buxparty the Skirmisher (Mummy Gladiator)           Turns: 1172, Time: 00:02:42

Health: -3/29      AC:  4    Str: 18    XL:     3   Next: 50%
Magic:  3/3        EV: 13    Int:  7    God:
Gold:   93         SH:  0    Dex: 13    Spells: 2/2 levels left

rFire    x . .     SeeInvis .   a - +0 rapier
rCold    + . .     Gourm    .   (no shield)
rNeg     + + +     Faith    .   b - +0 leather armour
rPois    ∞         Spirit   .   c - +0 helmet
rElec    .         Reflect  .   (no cloak)
rCorr    .         Harm     .   (no gloves)
MR       .....                  (no boots)
Stlth    +.........             (no amulet)
HPRegen  0.09/turn              (no ring)
MPRegen  0.08/turn              (no ring)

@: no status effects
A: no food or potions, fire vulnerability, cold resistance 1, negative energy
resistance 3, torment resistance, unbreathing
a: no special abilities


You were on level 2 of the Dungeon.
You were not hungry.

You visited 1 branch of the dungeon, and saw 2 of its levels.

You collected 93 gold pieces.

Inventory:

Hand Weapons
 a - a +0 rapier (weapon)
Missiles
 d - 3 throwing nets (quivered)
Armour
 b - a +0 leather armour (worn)
 c - a +0 helmet (worn)
Scrolls
 e - a scroll of teleportation {unknown}
 f - a scroll of identify {unknown}
 g - a scroll of remove curse {unknown}


   Skills:
 * Level 3.4 Fighting
 - Level 2.4 Short Blades
 - Level 1.5 Throwing
 + Level 2.9 Dodging


You had 2 spell levels left.
You didn't know any spells.
Your spell library was empty.

Dungeon Overview and Level Annotations

Branches:
Dungeon (2/15)

Altars:

Annotations:
D:2 Jessica


Innate Abilities, Weirdness & Mutations

You do not eat or drink.
Your flesh is vulnerable to fire.
You are immune to poison.
Your flesh is cold resistant. (rC+)
You are immune to negative energy. (rN+++)
You are immune to unholy pain and torment.
You can survive without breathing.


Message History

You barely miss Jessica.
Jessica is heavily wounded.
The frilled lizard bites you but does no damage.
Jessica misses you.
You closely miss Jessica.
Jessica is heavily wounded.
The frilled lizard barely misses you. Jessica hits you but does no damage.
The worm bites you but does no damage. The frilled lizard closely misses you.
You closely miss Jessica.
Jessica is heavily wounded.
Jessica completely misses you. The worm misses you.
The frilled lizard bites you but does no damage.
Jessica hits you.
* * * LOW HITPOINT WARNING * * *
You hit Jessica.
Jessica is severely wounded.
The frilled lizard bites you.
* * * LOW HITPOINT WARNING * * *
Jessica hits you.
You die...

##.# #.# #.# #.# #.#
#.# #.# #.# #.#
#.######### #.#
#.........# #.#
#.........#######
#.#
#...%.....w......
#.#
#...<...@@l$.....
#.#
##...†....#.#....
#.# #..........# .
#.######..........#
#(.......#######...#
########## ...#
..$.# ....#


You could see a worm, Jessica and a frilled lizard.

Vanquished Creatures
  An adder (D:2)
  2 dart slugs (D:1)
  A leopard gecko (D:1)
  2 giant cockroaches (D:2)
  2 goblins (D:1)
  10 hobgoblins
  3 jackals (D:1)
  2 kobolds
  A ball python (D:2)
  A bat (D:1)
  2 frilled lizards (D:2)
  4 rats
31 creatures vanquished.

Notes
Turn   | Place    | Note
-------+----------+-------------------------------------------
     0 | D:1      | Buxparty the Mummy Gladiator began the quest for the Orb.
     0 | D:1      | Reached XP level 1. HP: 16/16 MP: 1/1
   197 | D:1      | Reached XP level 2. HP: 21/23 MP: 2/2
   914 | D:1      | Reached skill level 3 in Fighting
  1025 | D:2      | Reached XP level 3. HP: 29/29 MP: 3/3
  1149 | D:2      | Noticed Jessica
  1172 | D:2      | HP: 1/29 [frilled lizard (1)]
  1172 | D:2      | Slain by Jessica

Levels and vault maps discovered:
D:1:      erik_arrival_blinker_ship, layout_basic, grunt_decor_one_mirror,
          minivault_25
D:2:      layout_loops_ring, gammafunk_temple_overflow_arena, minmay_unequal,
          uniq_jessica, uniq_natasha

Skill      XL: |  1  2 |
---------------+-------+-----
Fighting       | 3 |  3.4
Short Blades   | |  2.4
Throwing       | |  1.5
Dodging        | |  2.9

Action                   || total
-------------------------++-------
Melee: Rapier            ||   115
Armor: Leather armour    ||    46
Dodge: Dodged            ||    99
